 Dungeon Crawl Stone Soup version 0.26.1-11-gd32895ea62 (webtiles) character file.

Game seed: 16254772467497491453

238 Descartes the Ruffian (level 5, -7/53 HPs)
             Began as a Troll Chaos Knight on June 11, 2021.
             Was a Plaything of Xom.
             Splashed by Ijyb's acid (13 damage)
             ... on level 3 of the Dungeon.
             The game lasted 00:03:53 (1597 turns).

Descartes the Ruffian (Troll Chaos Knight)          Turns: 1597, Time: 00:03:55

Health: -7/53      AC:  0    Str: 20    XL:     5   Next: 78%
Magic:  4/4        EV: 10    Int:  8    God:    Xom [.....*]
Gold:   100        SH:  0    Dex: 10    Spells: 4/4 levels left

rFire    . . .     SeeInvis .     - Unarmed
rCold    . . .     Faith    .   (no shield)
rNeg     . . .     Spirit   .   a - +2 robe
rPois    .         Reflect  .   (helmet restricted)
rElec    .         Harm     .   (no cloak)
rCorr    .         Rampage  .   (gloves unavailable)
Will     .....                  (boots unavailable)
Stlth    +.........             (no amulet)
HPRegen  0.57/turn              (no ring)
MPRegen  0.09/turn              (no ring)

@: corroded
A: large, unfitting armour, claws 3, regeneration 1, shaggy fur 1, tough skin 3
a: Renounce Religion


You were on level 3 of the Dungeon.
You worshipped Xom.
You were Xom's teddy bear.
You visited 1 branch of the dungeon, and saw 3 of its levels.

You collected 100 gold pieces.

Inventory:

Missiles
 e - 57 stones (quivered)
 g - 28 sling bullets
 h - 2 curare-tipped darts
Armour
 a - a +2 robe (worn)
Scrolls
 c - a scroll of fog {unknown}
 d - a scroll of identify {unknown}
 i - a scroll of teleportation {unknown}
 m - a scroll of remove curse {unknown}
Potions
 b - a potion of flight {unknown}
 f - 2 potions of might {unknown}
 j - a potion of berserk rage {unknown}
 k - a potion of heal wounds {unknown}
 l - 2 potions of curing {unknown}


   Skills:
 + Level 3.3 Fighting
 + Level 2.3 Throwing
 + Level 3.0 Dodging
 + Level 4.1 Unarmed Combat


You had 4 spell levels left.
You didn't know any spells.
Your spell library was empty.

Dungeon Overview and Level Annotations

Branches:
Dungeon (3/15)

Altars:
Gozag
Vehumet
Xom
Zin
The Shining One

Annotations:
D:3 Ijyb


Innate Abilities, Weirdness & Mutations

You are too large for most types of armour.
You have claws for hands.
Your natural rate of healing is unusually fast.
You are covered in fur. (AC +1)
You have extremely tough skin. (AC +3)


Message History

You are too injured to fight recklessly!
You are too injured to fight recklessly!
You are too injured to fight recklessly!
You are too injured to fight recklessly!
You are too injured to fight recklessly!
You are too injured to fight recklessly!
You are too injured to fight recklessly!
You scratch Ijyb but do no damage. You barely miss Ijyb.
Ijyb hits you but does no damage.
You closely miss Ijyb. Ijyb hits you with a +0 club.
You scratch Ijyb.
Ijyb is moderately wounded.
Ijyb hits you but does no damage.
You scratch Ijyb.
Ijyb is moderately wounded.
Ijyb zaps a wand.
The bolt of acid hits you!
* * * LOW HITPOINT WARNING * * *
The acid corrodes you!
You are splashed with acid!
You die...
Xom is highly amused!

#.>.
#..#
#..#
#..#
#..#
#..#
###.g#
#.#.@#
## #...#
...
##..#
#..
##.##
..# ##.#
# ..##
##.## .
#.###.##
#######
#..#.##
........
#.#.##


You could see Ijyb.

Vanquished Creatures
  A centaur (D:3)
  2 adders (D:2)
  An ooze (D:1)
  A worm (D:2)
  A dart slug (D:1)
  A leopard gecko (D:1)
  6 bats
  3 giant cockroaches
  2 goblins
  3 hobgoblins
  4 frilled lizards
  6 kobolds
  5 rats
36 creatures vanquished.

Vanquished Creatures (others)
  Grinder (D:2)
1 creature vanquished.

Grand Total: 37 creatures vanquished

Notes
Turn   | Place    | Note
-------+----------+-------------------------------------------
     0 | D:1      | Descartes the Troll Chaos Knight began the quest for the
                  | Orb.
     0 | D:1      | Reached XP level 1. HP: 22/22 MP: 0/0
    98 | D:1      | Reached XP level 2. HP: 29/29 MP: 1/1
   545 | D:1      | Reached skill level 1 in Throwing
   599 | D:1      | XOM: silly message
   711 | D:1      | XOM: silly message
   755 | D:2      | Reached XP level 3. HP: 36/36 MP: 2/2
   809 | D:2      | Found a glowing golden altar of the Shining One.
   951 | D:2      | XOM: silly message
  1125 | D:2      | Found a glowing silver altar of Zin.
  1154 | D:2      | Found a radiant altar of Vehumet.
  1158 | D:2      | Found an opulent altar of Gozag.
  1310 | D:3      | Noticed Grinder
  1312 | D:3      | XOM: enchant monster (good)
  1313 | D:3      | Noticed a centaur
  1323 | D:2      | Killed Grinder
  1323 | D:2      | XOM: divine lightning
  1324 | D:2      | Reached XP level 4. HP: 16/45 MP: 3/3
  1324 | D:2      | Reached XP level 5. HP: 20/53 MP: 4/4
  1361 | D:3      | XOM is BORED!
  1361 | D:3      | XOM: summons 3 hostile demons
  1362 | D:3      | Noticed a hellwing
  1423 | D:3      | XOM: scenery: create altars
  1432 | D:3      | Killed a centaur
  1433 | D:3      | Reached skill level 4 in Unarmed Combat
  1587 | D:3      | Noticed Ijyb
  1597 | D:3      | Splashed by Ijyb's acid

Illustrated notes

Levels and vault maps discovered:
D:1:      psy_arrival_radial01, layout_loops_ring
D:2:      kennysheep_big_flooded_room, layout_loops_ring,
          nicolae_overflow_crystal_walls, nicolae_overflow_hidden_temple,
          tso_metal_star
D:3:      layout_loops_ring, chequers_ecumenical_altar_simple, uniq_grinder,
          uniq_terence, uniq_ijyb, uniq_crazy_yiuf_cottage, uniq_sigmund

Skill      XL: |  1  2  3  4  5 |
---------------+----------------+-----
Dodging        | 2 3 |  3.0
Throwing       | 1 2 |  2.3
Fighting       | 3 |  3.3
Unarmed Combat | 4 |  4.1

Action                   |  1- 3 |  4- 6 || total
-------------------------+-------+-------++-------
Melee: Unarmed           |    83 |    20 ||   103
 Stab: Sleeping          |     1 |       ||     1
Armor: Robe              |    29 |    15 ||    44
Dodge: Dodged            |    34 |    24 ||    58
